 Dungeon Crawl Stone Soup version 0.32-a0-616-g9348d4545b (webtiles) character file.

Game seed: 16797248230647985284

2 ytrimaz the Grave Robber (level 1, -1/14 HPs)
             Began as a Mountain Dwarf Necromancer on Mar 6, 2024.
             Slain by a quokka (4 damage)
             ... on level 1 of the Dungeon.
             The game lasted 00:01:19 (209 turns).

ytrimaz the Grave Robber (MDNe)                      Turns: 209, Time: 00:01:20

Health: -1/14      AC:  2    Str: 10    XL:     1   Next: 25%
Magic:  0/3        EV: 11    Int: 15    God:
Gold:   29         SH:  0    Dex: 10    Spells: 2/3 levels left

rFire   . . .        (no weapon)
rCold   . . .        (no shield)
rNeg    . . .        a - +0 robe
rPois   .            (no helmet)
rElec   .            (no cloak)
rCorr   .            (no gloves)
SInv    .            (no boots)
Will    .....        (no amulet)
Stlth   ++           (no ring)
HPRegen 0.22/turn    (no ring)
MPRegen 0.08/turn

%: no passive effects
@: about to teleport
A: runic magic, artefact enchanting
a: no special abilities


You were on level 1 of the Dungeon.
You visited 1 branch of the dungeon, and saw 1 of its levels.

You collected 29 gold pieces.


Innate Abilities, Weirdness & Mutations

Your spellcasting is much less encumbered by armour.
You can use scrolls of enchantment on lesser artefacts.


   Skills:
 + Level 0.2 Armour
 - Level 1.3 Dodging
 - Level 1.4 Stealth
 + Level 1.8 Spellcasting
 + Level 4.4 Necromancy


You had 2 spell levels left.
You knew the following spells:

 Your Spells              Type           Power      Damage    Failure   Level
a - Necrotise             Necr           56%        1d6       3%          1

Your spell library contained the following spells:

 Spells                   Type           Power      Damage    Failure   Level
 Vampiric Draining        Necr           14%        2d7       11%         3
 Animate Dead             Necr           14%        N/A       36%         4
 Curse of Agony           Necr           14%        N/A       71%         5

Inventory:

Armour
 a - a +0 robe (worn)
Scrolls
 e - a scroll of enchant weapon
Potions
 b - a potion of magic

Dungeon Overview and Level Annotations

Branches:
Dungeon (1/15) Zot: 5790

Altars:

.. #.# .. #.# . .##
#.### #. ..# #...# #..
#.# ###.# #?. #.#
##.####### (.
#.####.#......#
#.#.....###.###.#
#Kr@####.#.## #.
......### ##.## #.
.#...# #.# ###.###
#.##########.###.....#
.. ..........##.....##
. ####.###..##.......
##.###..##.....##
#.......##.....#
#..####.######.#


You could see a quokka and a kobold.


Message History

The rat bites you but does no damage.
You hit the rat. The rat barely misses you.
You hit the rat.
You kill the rat!
Unknown command.
You see here a rat corpse.
No target in view!
No target in view!
Unknown command.
You see here a +0 longbow.
A bat comes into view.
The bat moves out of view.
You see here a +0 longbow.
A bat is nearby!
A bat is nearby!
No target in view!
You can't see any susceptible monsters within range! (Use Z to cast anyway.) Unknown command.
No target in view!
No target in view!
No target in view!
Unknown command.
Found a stone staircase leading down.
There is a stone staircase leading down here.
Found a stone staircase leading down.
There is a stone staircase leading down here.
Key pressed, stopping explore.
No target in view!
A bat comes into view.
A bat is nearby!
A bat is nearby!
The helpless bat fails to defend itself.
You hit the bat. The bat hits you but does no damage.
The bat hits you. 😕 HP[-1]
You take 1 damage, and now have 13/14 hp.
You hit the bat.
You kill the bat!
Unknown command.
You can't see any susceptible monsters within range! (Use Z to cast anyway.) Key pressed, stopping explore.
No target in view! 😎 HP[+1]
Your hp is fully restored (14).
You now have 29 gold pieces (gained 11).
e - a scroll labelled GIMEADA QENE A kobold and a quokka come into view.
There are monsters nearby!
There are monsters nearby!
The quokka writhes in agony.
The quokka misses you. The quokka barely misses you. 😎 MP[-1]
You lost 1 mp, and now have 2/3 mp.
There are monsters nearby!
You miss the quokka. The quokka bites you. 😕 HP[-3]
You take 3 damage, and now have 11/14 hp.
MASSIVE DAMAGE!! (PAUSE) Unknown command.
You hit the quokka but do no damage. The quokka bites you. 😮 HP[-2]
You take 2 damage, and now have 9/14 hp.
Aiming: Necrotise (safe; 3% risk of failure)
Press: ? - help, Q - select action Shift-Dir - straight line, f/p - quokka
Aim: a quokka (moderately wounded, chance to affect: 84%)
The quokka writhes in agony.
The quokka bites you.
* * * LOW HITPOINT WARNING * * *
😨 HP[-2] MP[-1]
You take 2 damage, and now have 7/14 hp.
You lost 1 mp, and now have 1/3 mp.
Aiming: Necrotise (safe; 3% risk of failure)
Press: ? - help, Q - select action Shift-Dir - straight line, f/p - quokka
Aim: a quokka (moderately wounded, chance to affect: 84%)
The quokka barely resists.
The kobold shouts!
The quokka closely misses you. 😮 HP[+1] MP[-1]
You lost 1 mp, and now have 0/3 mp.
You don't have enough magic to cast this spell.
Unknown command.
You hit the quokka. The quokka barely misses you. The quokka misses you.
You hit the quokka but do no damage. The quokka bites you.
* * * LOW HITPOINT WARNING * * *
Unknown command. 😨 HP[-4]
You take 4 damage, and now have 4/14 hp.
MASSIVE DAMAGE!! (PAUSE)
You hit the quokka but do no damage. The quokka completely misses you.
As you read the scroll labelled MIGUDI FOREHO, it crumbles to dust.
You feel strangely unstable.
It was a scroll of teleportation.
The quokka bites you.
* * * LOW HITPOINT WARNING * * *
😱 HP[-2]
You take 2 damage, and now have 2/14 hp.
Unknown command.
As you read the scroll labelled QAXYTW LANAEMI, it crumbles to dust.
It is a scroll of identify.
e - a scroll of enchant weapon The quokka bites you.
You die...

Action                     || total
---------------------------++-------
  Melee: Unarmed           ||     9
   Cast: Necrotise         ||     3
    Use: Scroll            ||     2
   Stab: Sleeping          ||     1
 Armour: Robe              ||     9
  Dodge: Dodged            ||     7

Levels and vault maps discovered:
D:1:      scummos_arrival_simple_crosswalls, layout_loops_ring,
          dreamdust_ecumenical_altar_angels_and_demons,
          dreamdust_mushroom_princess, minmay_hexomino_p4

Notes
Turn   | Place    | Note
-------+----------+-------------------------------------------
     0 | D:1      | ytrimaz the Mountain Dwarf Necromancer began the quest for
                  | the Orb.
     0 | D:1      | Reached XP level 1. HP: 14/14 MP: 3/3
     0 | D:1      | magus.rc [v1.9.6]
   208 | D:1      | HP: 2/14 [quokka (2)]
   209 | D:1      | Slain by a quokka

Vanquished Creatures
  A bat (D:1)
  A rat (D:1)
2 creatures vanquished.

Table legend:
 A = Non-vault XP
 B = Vault XP
 C = Vault XP percentage of total XP
 D = Non-vault monster count
 E = Vault monster count
 F = Vault count percentage of total count
                 A         B        C        D         E       F
            +---------+---------+-------+---------+---------+-------
      Total |       3 |       0 |   0.0 |       2 |       0 |   0.0
            +---------+---------+-------+---------+---------+-------
        D:1 |       3 |       0 |   0.0 |       2 |       0 |   0.0
            +---------+---------+-------+---------+---------+-------

Action                     || total
---------------------------++-------
  Melee: Unarmed           ||     9
   Cast: Necrotise         ||     3
    Use: Scroll            ||     2
   Stab: Sleeping          ||     1
 Armour: Robe              ||     9
  Dodge: Dodged            ||     7

Illustrated notes

Table legend:
 A = Kills in this place as a percentage of kills in the entire game.
 B = Kills by you in this place as a percentage of kills by you in the entire game.
 C = Kills by friends in this place as a percentage of kills by friends in the entire game.
 D = Other kills in this place as a percentage of other kills in the entire game.
 E = Experience gained in this place as a percentage of experience gained in the entire game.
 F = Experience gained in this place divided by the number of levels of this place that you have seen.
                   A       B       C       D       E      F
               +-------+-------+-------+-------+-------+----------------------
         Total | 100.0 | 100.0 |   N/A |   N/A | 100.0 |   3.0
       Dungeon | 100.0 | 100.0 |   N/A |   N/A | 100.0 |   3.0
               +-------+-------+-------+-------+-------+----------------------

Table legend: (Time is in decaauts)
 A = Elapsed time spent in this place.
 B = Non-inter-level travel time spent in this place.
 C = Inter-level travel time spent in this place.
 D = Time resting spent in this place.
 E = Time spent auto-exploring this place.
 F = Levels seen in this place.
 G = Mean time per level.
                   A        B        C        D        E       F      G
               +--------+--------+--------+--------+--------+-----+--------+
         Total |    209 |    209 |      0 |      0 |    174 |   1 |  209.0 |
       Dungeon |    209 |    209 |      0 |      0 |    174 |   1 |  209.0 |
               +--------+--------+--------+--------+--------+-----+--------+

Top non-repeatable levels by time:
     D:1: 209 daAuts
